 Dungeon Crawl Stone Soup version 0.31-a0-940-gdaa99269f9 (webtiles) character file.

Game seed: 15025117986549238823

63 Azuregosa the Covert (level 4, -4/31 HPs)
             Began as an Octopode Delver on Oct 20, 2023.
             Slain by a gnoll
             ... wielding a +0 spear
             ... led by a gnoll sergeant
              (7 damage)
             ... on level 4 of the Dungeon.
             The game lasted 00:02:30 (126 turns).

Azuregosa the Covert (Octopode Delver)               Turns: 126, Time: 00:02:30

Health: -4/31      AC:  1    Str: 11    XL:     4   Next: 10%
Magic:  4/4        EV: 14    Int: 12    God:
Gold:   12         SH:  0    Dex: 15    Spells: 3/3 levels left

rFire   . . .        a - +0 spear
rCold   . . .        (no shield)
rNeg    . . .        (helmet restricted)
rPois   .            (no amulet)
rElec   .            (no ring)
rCorr   .            (no ring)
SInv    .            (no ring)
Will    .....        (no ring)
Stlth   +++++        (no ring)
HPRegen 0.25/turn    (no ring)
MPRegen 0.09/turn    (no ring)
                     (no ring)

%: no passive effects
@: no status effects
A: almost no armour, amphibious, 8 rings, camouflage 1, gelatinous body 1,
(nimble swimmer 1), tentacles
a: no special abilities


You were on level 4 of the Dungeon.
You visited 1 branch of the dungeon, and saw 3 of its levels.

You collected 12 gold pieces.

Inventory:

Hand Weapons
 a - a +0 spear (weapon)
Missiles
 c - 3 poisoned darts
Wands
 f - a wand of digging (3)
Scrolls
 b - a scroll of fog
 g - a scroll of teleportation {unknown}
Potions
 e - a potion of haste
 h - a potion of ambrosia {unknown}


   Skills:
 - Level 3.0 Fighting
 - Level 2.0 Polearms
 + Level 2.7 Dodging
 - Level 8.1 Stealth


You had 3 spell levels left.
You didn't know any spells.
Your spell library was empty.

Dungeon Overview and Level Annotations

Branches:
Dungeon (6/15)
 Temple: D:4-7

Altars:


Innate Abilities, Weirdness & Mutations

You cannot wear most types of armour.
You are amphibious.
You can wear up to eight rings at the same time.
Your skin changes colour to match your surroundings (Stealth+).
Your rubbery body absorbs attacks. (AC +1, EV +1)
((You are camouflaged when in or above water. (Stealth+)))
You have tentacles for arms and can constrict up to eight enemies at once.


Message History

You hit the gnoll.
You kill the gnoll!
The endoplasm closely misses you. The worm bites you but does no damage.
You have reached level 4!
You hit the worm but do no damage. You grab the worm. You constrict the worm.
The endoplasm hits you.
* * * LOW HITPOINT WARNING * * *
The worm bites you.
* * * LOW HITPOINT WARNING * * *
You hit the endoplasm. You squeeze the endoplasm.
You kill the endoplasm!
You constrict the worm.
A gnoll sergeant comes into view. It is wielding a +4 heavy spear.
The gnoll sergeant shouts!
You hit the worm.
The worm is heavily wounded.
You constrict the worm. The worm barely misses you.
You hit the worm. You tentacle-slap the worm. You squeeze the worm.
You kill the worm!
Okay, then.
A gnoll comes into view. It is wielding a +0 flail.
As you read the scroll of fear, it crumbles to dust.
You assume a fearsome visage.
The gnoll sergeant looks frightened!
The gnoll looks frightened!
The gnoll shouts!
An adder comes into view.
Things that are here:
a +0 whip; a +0 flail You closely miss the adder.
The gnoll shouts!
Your grab misses the adder. You squeeze the adder.
The adder is heavily wounded.
The adder barely misses you.
The gnoll hits you from afar with a +0 spear.
* * * LOW HITPOINT WARNING * * *
You miss the adder. Your grab misses the adder. Your squeeze misses the adder.
The adder is heavily wounded.
The adder completely misses you.
The gnoll hits you from afar with a +0 spear!
You die...

##### #...###
######.....#
####.........##
##.......g.@###
#..)......S###
.##........).†.#
...........>...#
..........#...).#
...#......#........
####g.........#..
#.........### .
...........#


You could see a gnoll sergeant (fleeing), a gnoll and an adder.

Vanquished Creatures
  A hound (D:5)
  3 gnolls (D:4)
  A worm (D:4)
  An endoplasm (D:4)
6 creatures vanquished.

Notes
Turn   | Place    | Note
-------+----------+-------------------------------------------
     0 | D:5      | Azuregosa the Octopode Delver began the quest for the Orb.
     0 | D:5      | Reached XP level 1. HP: 16/16 MP: 1/1
     2 | D:6      | Noticed a black bear
    20 | D:5      | Noticed a scorpion
    25 | D:5      | Noticed a hound
    40 | D:5      | Killed a hound
    41 | D:5      | Reached skill level 7 in Stealth
    41 | D:5      | Reached XP level 2. HP: 18/21 MP: 2/2
    41 | D:5      | Reached XP level 3. HP: 22/26 MP: 3/3
    81 | D:4      | Reached skill level 8 in Stealth
   107 | D:4      | Reached XP level 4. HP: 9/31 MP: 4/4
   108 | D:4      | Noticed a gnoll sergeant
   126 | D:4      | Slain by a gnoll

Illustrated notes

Levels and vault maps discovered:
D:4:      layout_cave_pools, minmay_temple_entry_waves, uniq_ijyb
D:5:      minmay_polygon_palace, layout_rooms, lemuel_zombie_altar_yredelemnul,
          chequers_temple_overflow_statue_of_worship
D:6:      hellmonk_crumbling_castle, layout_loops_ring, uniq_grinder

Skill      XL: |  1  2  3 |
---------------+----------+-----
Stealth        | 7 8 |  8.1
Fighting       | |  3.0
Polearms       | |  2.0
Dodging        | |  2.7

Action                     |  1- 3 |  4- 6 || total
---------------------------+-------+-------++-------
  Melee: Spear             |    17 |     6 ||    23
         Tentacles         |     4 |     3 ||     7
         Constrict         |     4 |     1 ||     5
         Punch             |       |     1 ||     1
    Use: Scroll            |     1 |     1 ||     2
 Armour: Skin              |     7 |     4 ||    11
  Dodge: Dodged            |    15 |     3 ||    18

Table legend: (Time is in decaauts)
 A = Elapsed time spent in this place.
 B = Non-inter-level travel time spent in this place.
 C = Inter-level travel time spent in this place.
 D = Time resting spent in this place.
 E = Time spent auto-exploring this place.
 F = Levels seen in this place.
 G = Mean time per level.
                   A        B        C        D        E       F      G
               +--------+--------+--------+--------+--------+-----+--------+
         Total |    126 |    126 |      0 |     13 |      0 |   3 |   42.0 |
       Dungeon |    126 |    126 |      0 |     13 |      0 |   3 |   42.0 |
               +--------+--------+--------+--------+--------+-----+--------+

Top non-repeatable levels by time:
     D:5: 68 daAuts
     D:4: 55 daAuts
     D:6: 1 daAuts
